 Dungeon Crawl Stone Soup version 0.18.1-6-gd335043 (webtiles) character file.

177 Gorice the Slasher (level 5, 0/41 HPs)
             Began as a Demonspawn Gladiator on May 15, 2016.
             Was an Initiate of Okawaru.
             Slain by Zebura's ghost (5 damage)
             ... on level 3 of the Dungeon.
             The game lasted 00:08:29 (2097 turns).

Gorice the Slasher (Demonspawn Gladiator)           Turns: 2097, Time: 00:08:30

Health: 0/41       AC:  9    Str: 16    XL:     5   Next: 30%
Magic:  5/5        EV: 10    Int: 10    God:    Okawaru [......]
Gold:   164        SH:  0    Dex: 13    Spells: 0 memorised, 4 levels left

rFire  . . .     SeeInvis .     a - +1 long sword
rCold  . . .     Gourm    .     n - +0 scale mail
rNeg   . . .     Faith    .     (no shield)
rPois  .         Spirit   .     h - +2 hat
rElec  .         Dismiss  .     i - +0 cloak
rCorr  .         Reflect  .     (no gloves)
SustAt .         Harm     .     (no boots)
MR     .....                    (no amulet)
Stlth  ..........               (no ring)
                                d - ring of flight

@: lethally poisoned (0 -> -8), not resistant to hostile enchantments, extremely
unstealthy
A: demonic guardian 1, spiny 1
a: Renounce Religion, Evoke Flight


You were on level 3 of the Dungeon.
You worshipped Okawaru.
Okawaru was noncommittal.
You were not hungry.

You visited 1 branch of the dungeon, and saw 3 of its levels.

You collected 164 gold pieces.

Inventory:

Hand Weapons
 a - a +1 long sword (weapon)
 b - a +0 hunting sling
 e - a +0 hunting sling
 v - a +1 dagger of venom
   (You took it off a kobold on level 1 of the Dungeon)
Missiles
 l - 26 poisoned needles
 p - 7 needles of sleeping
 Y - 3 throwing nets
 Z - 114 stones (quivered)
Armour
 c - a +0 helmet
 h - a +2 hat (worn)
 i - a +0 cloak (worn)
 n - a +0 scale mail (worn)
 q - a +0 leather armour
Jewellery
 d - a ring of flight (left hand)
Wands
 u - a wand of paralysis (2/24)
Scrolls
 o - a scroll of enchant weapon
 r - a scroll of identify {unknown}
 s - 2 scrolls of remove curse
 t - a scroll of fog {unknown}
 w - 2 scrolls of random uselessness {unknown}
 y - a scroll of noise {unknown}
Potions
 g - 4 potions of curing {unknown}
 j - a potion of lignification {unknown}
 k - 2 potions of flight {unknown}
 x - 2 potions of degeneration {unknown}
Comestibles
 f - 2 bread rations {!e}
 m - 11 chunks of flesh
 z - a beef jerky


   Skills:
 + Level 3.6 Fighting
 * Level 4.7 Long Blades
 - Level 1.7 Throwing
 - Level 2.6 Dodging


You had 4 spell levels left.
You didn't know any spells.

Dungeon Overview and Level Annotations

Branches:
Dungeon (3/15)

Altars:
Dithmenos
Fedhas
Okawaru
The Shining One

Annotations:
D:2 Sigmund
D:3 Zebura's ghost, amateur CeHu


Innate Abilities, Weirdness & Mutations

A weak demonic guardian rushes to your aid.
You are partially covered in sharp spines.


Message History

You feel sick. The orc barely misses your white imp.
Your white imp hits Zebura's ghost but does no damage.
Unknown command.
The helpless Zebura's ghost fails to defend itself.
You hit Zebura's ghost but do no damage.
Zebura's ghost is heavily damaged.
Your white imp disappears in a puff of smoke!
Unknown command.
Unknown command.
The helpless Zebura's ghost fails to defend itself.
You slash Zebura's ghost!
Zebura's ghost is almost destroyed.
You feel sick.
Damage: 1 (max 4) Unknown command.
The helpless Zebura's ghost fails to defend itself.
You hit Zebura's ghost but do no damage.
Zebura's ghost is almost destroyed.
Unknown command.
The helpless Zebura's ghost fails to defend itself.
You hit Zebura's ghost but do no damage.
Zebura's ghost is almost destroyed.
You feel sick.
Zebura's ghost is no longer paralysed.
Zebura's ghost is struck by your spines.
Zebura's ghost closely misses you.
Damage: 1 (max 4)
Your scale mail prevents you from hitting Zebura's ghost.
Zebura's ghost is almost destroyed.
Zebura's ghost closely misses you.
Unknown command.
You barely miss Zebura's ghost.
Zebura's ghost is almost destroyed.
Zebura's ghost hits you.
* * * LOW HITPOINT WARNING * * *
Zebura's ghost says, "I was once a great warrior, and I still am!"
Zebura's ghost closely misses you.
Damage: 4 (max 4)
You hit Zebura's ghost but do no damage.
Zebura's ghost is almost destroyed.
You feel sick. Zebura's ghost hits you.
* * * LOW HITPOINT WARNING * * *
You are lethally poisoned!
Damage: 1 (max 4) Unknown command.
Unknown command.
You hit Zebura's ghost but do no damage.
Zebura's ghost is almost destroyed.
* * * LOW HITPOINT WARNING * * *
You feel sick. Zebura's ghost hits you.
You die...

#.###########.[# #.# #.#
#........## #.#
##.#####.##......########.###
.........##..#.#............##
......÷...†....#.###.####....#
#...>###.##..#.#.# #.# #.#..#
#....# #.##......###.# #.#..#
#....# #.÷...........# #.#..#
#....######.##.#@##### ##.#..#
#..............#W# #.....#
..#..######.##.#o# #.#)..#
###.<# #.##.#.#######.....#
.##..# #.##...........##..#
.##..# #.####.###..)#.##..#
.##..# #.# #.#...........#
.....# #.# #.#.......#...#
.###.# #.# ##.#..5............


You could see Zebura's ghost and an orc.

Vanquished Creatures
  Terence (D:1)
  Natasha (D:3)
  2 worker ant zombies (D:2)
  3 adders (D:3)
  An adder zombie (D:2)
  An adder skeleton (D:2)
  A dart slug (D:3)
  4 giant geckos
  5 bats
  3 giant cockroaches
  5 goblins
  5 hobgoblins
  2 jackals (D:2)
  A quokka (D:2)
  5 giant newts
  6 kobolds
  A quokka skeleton (D:2)
  3 rats
50 creatures vanquished.

Vanquished Creatures (collateral kills)
  Natasha (D:2)
1 creature vanquished.

Grand Total: 51 creatures vanquished

Notes
Turn   | Place    | Note
--------------------------------------------------------------
     0 | D:1      | Gorice the Demonspawn Gladiator began the quest for the Orb.
     0 | D:1      | Reached XP level 1. HP: 16/16 MP: 1/1
    71 | D:1      | Reached skill level 3 in Long Blades
   350 | D:1      | Gained mutation: You are partially covered in sharp spines. [demonic ancestry]
   350 | D:1      | Reached XP level 2. HP: 22/22 MP: 2/2
   927 | D:2      | Noticed Terence
   927 | D:2      | Noticed Natasha
   943 | D:1      | Killed Terence
   943 | D:1      | Gained mutation: A weak demonic guardian rushes to your aid. [demonic ancestry]
   943 | D:1      | Reached XP level 3. HP: 11/28 MP: 3/3
  1142 | D:2      | Killed Natasha
  1142 | D:2      | Reached skill level 4 in Long Blades
  1179 | D:2      | Reached XP level 4. HP: 30/34 MP: 4/4
  1431 | D:2      | Noticed Sigmund
  1517 | D:2      | Reached skill level 3 in Fighting
  1654 | D:2      | Found a blossoming altar of Fedhas.
  1663 | D:2      | Found a glowing golden altar of the Shining One.
  1672 | D:2      | Found a shadowy altar of Dithmenos.
  1681 | D:2      | Found an iron altar of Okawaru.
  1685 | D:2      | Became a worshipper of Warmaster Okawaru
  1929 | D:3      | Reached XP level 5. HP: 41/41 MP: 5/5
  1931 | D:3      | Noticed Natasha
  1938 | D:3      | Killed Natasha
  2058 | D:3      | Noticed Zebura's ghost (amateur CeHu)
  2091 | D:3      | HP: 12/41 [poisoned by Zebura's ghost]
  2096 | D:3      | HP: 7/41 [poisoned by Zebura's ghost]
  2097 | D:3      | Slain by Zebura's ghost

Skill      XL: |  1  2  3  4 |
---------------+-------------+-----
Long Blades    | 3 4 |  4.7
Fighting       | 3 |  3.6
Throwing       | |  1.7
Dodging        | |  2.6

Action                   |  1- 3 |  4- 6 || total
-------------------------+-------+-------++-------
Melee: Long sword        |    51 |    78 ||   129
Evoke: Wand              |       |     4 ||     4
  Use: Scroll            |     1 |     2 ||     3
 Stab: Paralysed         |       |    13 ||    13
  Eat: Chunk             |     1 |     3 ||     4
Armor: Leather armour    |    10 |       ||    10
       Scale mail        |     1 |    33 ||    34
Dodge: Dodged            |    34 |    27 ||    61

Table legend:
 A = Turns spent in this place as a percentage of turns spent in the entire game.
 B = Non-inter-level travel turns spent in this place as a percentage of non-inter-level travel turns spent in the entire game.
 C = Inter-level travel turns spent in this place as a percentage of turns spent in this place.
 D = Turns resting spent in this place as a percentage of non-inter-level travel turns spent in this place.
 E = Turns spent auto-exploring this place as a percentage of non-inter-level travel turns spent in this place.
 F = Non-inter-level travel turns spent in this place divided by the number of levels of this place that you've seen.
                   A       B       C       D       E      F
               +-------+-------+-------+-------+-------+----------------------
         Total | 100.0 | 100.0 |   0.6 |   1.0 |   7.3 | 261.7
       Dungeon | 100.0 | 100.0 |   0.6 |   1.0 |   7.3 | 261.7
               +-------+-------+-------+-------+-------+----------------------

Vault maps used:
D:1:      lemuel_arrival_behind_the_door_small, serial_forest,
          infiniplex_forest_clump_diagonal, infiniplex_forest_end_1,
          infiniplex_forest_straight_2, infiniplex_forest_lined_room_2,
          infiniplex_forest_fountain, infiniplex_forest_lined_room_3,
          infiniplex_forest_lined_room_2, infiniplex_forest_clump_double,
          infiniplex_forest_clump_curved, serial_park_tiny_2
D:2:      grunt_temple_overflow_cloverleaf, serial_undead, serial_undead_c,
          serial_undead_c, serial_undead_f, serial_undead_f, serial_undead_e,
          serial_undead_e, uniq_terence, uniq_natasha, uniq_sigmund
D:3:      first_bread
